 Dungeon Crawl Stone Soup version 0.31.0-9-g3a7656b989 (webtiles) character file.

Game seed: 13560469000500497868

411 qw the Skirmisher (level 6, -10/36 HPs)
             Began as a Deep Elf Hunter on Feb 3, 2024.
             Mangled by Menkaure (16 damage)
             ... on level 4 of the Dungeon.
             The game lasted 00:00:12 (3535 turns).

qw the Skirmisher (Deep Elf Hunter)                 Turns: 3535, Time: 00:00:13

Health: -10/36     AC:  7    Str:  9 (10) XL:     6   Next: 58%
Magic:  8/8        EV: 10    Int: 14      God:
Gold:   70         SH:  0    Dex: 17 (18) Spells: 5/5 levels left

rFire   . . .        a - +2 shortbow
rCold   . . .        (shield currently unavailable)
rNeg    + . .        k - +0 ring mail
rPois   .            (no helmet)
rElec   .            (no cloak)
rCorr   .            (no gloves)
SInv    .            i - +1 pair of boots
Will    .....        d - amulet of faith
Stlth   +            j - ring of positive energy
HPRegen 0.26/turn    (no ring)
MPRegen 0.11/turn

%: faith
@: about to teleport, hasted, very quick
A: no striking features
a: no special abilities


You were on level 4 of the Dungeon.
You visited 1 branch of the dungeon, and saw 5 of its levels.

You collected 292 gold pieces.
You spent 222 gold pieces at shops.


   Skills:
 - Level 2.7 Fighting
 + Level 9.8 Ranged Weapons
 - Level 2.4 Dodging
 - Level 1.2 Stealth


You had 5 spell levels left.
You didn't know any spells.
Your spell library was empty.

Inventory:

Hand Weapons
 a - a +2 shortbow (weapon)
Armour
 i - a +1 pair of boots (worn)
 k - a +0 ring mail (worn)
Jewellery
 d - an amulet of faith (around neck)
 j - a ring of positive energy (left hand)
 p - an amulet of guardian spirit
Scrolls
 g - a scroll of teleportation
 n - a scroll of identify
Potions
 c - a potion of might
 e - a potion of curing
 f - a potion of resistance
 h - a potion of cancellation
 l - a potion of mutation

Dungeon Overview and Level Annotations

Branches:
Dungeon (5/15)
 Temple: D:4-7

Altars:
Dithmenos

Shops:
D:4 ?

Annotations:
D:4 Menkaure


Message History

Found 6 gold pieces and a leather armour.
There is a stone staircase leading up here.
There are monsters nearby!
Waypoint 4 assigned to D:5.
3523 ||| STAIRDANCE You climb upwards.
There is a stone staircase leading down here.
3525 ||| DRINKING potion of haste.
You feel yourself speed up. Menkaure hits you!
You shoot an arrow. The arrow barely misses Menkaure.
Menkaure mumbles some strange words.
Menkaure seems to speed up.
You shoot an arrow.
The arrow hits Menkaure but does no damage.
Menkaure hits you but does no damage.
You shoot an arrow. The arrow hits Menkaure.
Menkaure is moderately damaged.
Menkaure hits you.
You shoot an arrow. The arrow hits Menkaure.
Menkaure is moderately damaged.
Menkaure barely misses you.
You shoot an arrow. The arrow closely misses Menkaure.
You shoot an arrow. The arrow barely misses Menkaure.
Menkaure hits you.
You shoot an arrow.
The arrow hits Menkaure but does no damage.
Menkaure is moderately damaged.
Menkaure gestures at you while chanting.
You struggle to resist.
You shoot an arrow. The arrow hits Menkaure.
Menkaure is heavily damaged.
Menkaure hits you!
3534 ||| READING 2 scrolls of teleportation.
As you read the scroll of teleportation, it crumbles to dust.
You feel strangely unstable. Menkaure closely misses you.
You shoot an arrow. The arrow hits Menkaure!
Menkaure is almost destroyed.
Menkaure hits you!
You die...

..# #### ##### #.#
#.# #.# #.# #.# ..#
##### ### ##.#
..####...####.####..#
#..##.....=........##
#................###
##......#.......##
......######...M@##
......# #####..##
.....## ##..##
......########
##..##### ####
.............##
##.....######...
####..######..#
##..........### ####
#..# #####....###
########..# ######
##....##.!##


You could see Menkaure (fast).

Vanquished Creatures
  A black bear (D:4)
  A bullfrog (D:4)
  3 hounds (D:4)
  A gnoll (D:1)
  6 adders
  A white imp (D:3)
  A dart slug (D:2)
  4 ribbon worms
  4 orcs (D:4)
  8 bats
  8 endoplasms
  5 giant cockroaches
  8 hobgoblins
  3 jackals (D:4)
  9 kobolds
  2 quokkas (D:1)
  6 ball pythons
  2 frilled lizards
  7 goblins
  5 rats
85 creatures vanquished.

Notes
Turn   | Place    | Note
-------+----------+-------------------------------------------
     0 | D:1      | qw the Deep Elf Hunter began the quest for the Orb.
     0 | D:1      | Reached XP level 1. HP: 12/12 MP: 3/3
     0 | D:1      | 0 ||| qw: Version: 0.3-a-155-g5e7d8dd
     0 | D:1      | 0 ||| qw: Game counter: 2903
     0 | D:1      | 0 ||| qw: Melee chars always use a shield: true
     0 | D:1      | 0 ||| qw: God list: Okawaru
     0 | D:1      | 0 ||| qw: Allow faded altars: false
     0 | D:1      | 0 ||| qw: Do Orc after clearing Dungeon:15 true
     0 | D:1      | 0 ||| qw: Do second Lair branch before Depths: true
     0 | D:1      | 0 ||| qw: Lair rune preference: random
     0 | D:1      | 0 ||| qw: Goals: Normal
     0 | D:1      | 0 ||| PLANNING D:1-11
    33 | D:1      | Reached skill level 6 in Ranged Weapons
    33 | D:1      | Reached XP level 2. HP: 6/16 MP: 4/4
    43 | D:1      | HP: 4/16 [bat (1)]
    48 | D:1      | HP: 3/16 [bat (1)]
    49 | D:1      | HP: 1/16 [bat (1)]
    56 | D:1      | HP: 2/16 [frozen (1)]
   181 | D:1      | Reached XP level 3. HP: 20/20 MP: 5/5
   580 | D:1      | 580 ||| UPGRADING to +0 ring mail.
   590 | D:1      | 590 ||| DROPPING +0 leather armour.
   591 | D:1      | 591 ||| UPGRADING to ring of positive energy.
   592 | D:1      | 592 ||| READING 5 scrolls labelled LAM WELIBOFA.
   592 | D:1      | 592 ||| IDENTIFYING smoky sapphire potion
   593 | D:1      | 593 ||| READING 4 scrolls of identify.
   593 | D:1      | 593 ||| IDENTIFYING scroll labelled UGOLOG UREIVIQ
   594 | D:1      | 594 ||| READING 3 scrolls of identify.
   594 | D:1      | 594 ||| IDENTIFYING scroll labelled CEF ENWOGAOZ
   595 | D:1      | 595 ||| READING 2 scrolls of identify.
   595 | D:1      | 595 ||| IDENTIFYING scroll labelled FOG KEKLEPLOFO
   596 | D:1      | 596 ||| READING scroll of identify.
   596 | D:1      | 596 ||| IDENTIFYING scroll labelled CIDEUMN COESCH
   597 | D:1      | 597 ||| DROPPING scroll of butterflies.
   598 | D:1      | 598 ||| DROPPING scroll of blinking.
   599 | D:1      | 599 ||| DROPPING scroll of poison.
   600 | D:1      | 600 ||| DROPPING scroll of amnesia.
   617 | D:2      | Reached skill level 7 in Ranged Weapons
   710 | D:2      | Reached XP level 4. HP: 21/25 MP: 6/6
  1311 | D:2      | Reached skill level 8 in Ranged Weapons
  1716 | D:2      | 1716 ||| UPGRADING to +0 pair of boots.
  1721 | D:2      | 1721 ||| READING scroll labelled MUOSHUDYSI.
  1721 | D:2      | 1721 ||| ENCHANTING +0 pair of boots.
  1722 | D:2      | 1722 ||| READING scroll labelled UTASAA MUURONO.
  1722 | D:2      | 1722 ||| ENCHANTING +0 shortbow.
  1723 | D:2      | 1723 ||| DRINKING 2 viscous white potions.
  1959 | D:3      | Found a shadowy altar of Dithmenos.
  2312 | D:3      | 2312 ||| UPGRADING to amulet of faith.
  2317 | D:3      | 2317 ||| READING scroll of identify.
  2317 | D:3      | 2317 ||| IDENTIFYING fizzy golden potion
  2318 | D:3      | 2318 ||| READING scroll labelled WAKIHANKON.
  2419 | D:3      | 2419 ||| READING scroll labelled INTI KUUTI.
  2420 | D:3      | 2420 ||| DRINKING 2 amethyst potions.
  2421 | D:3      | 2421 ||| DRINKING 2 silvery potions.
  2422 | D:3      | 2422 ||| DROPPING potion of degeneration.
  2545 | D:4      | Reached XP level 5. HP: 26/29 MP: 7/7
  2663 | D:4      | Found Gaipsol's Magic Scroll Boutique.
  2668 | D:4      | 2668 ||| SHOPLISTING scroll of acquirement (624 gold, have
                  | 271).
  2668 | D:4      | 2668 ||| BUYING scroll of enchant weapon (90 gold).
  2668 | D:4      | Bought a scroll of enchant weapon for 90 gold pieces
  2668 | D:4      | 2668 ||| BUYING scroll of identify (24 gold).
  2668 | D:4      | Bought a scroll of identify for 24 gold pieces
  2668 | D:4      | 2668 ||| BUYING scroll of identify (24 gold).
  2668 | D:4      | Bought a scroll of identify for 24 gold pieces
  2668 | D:4      | 2668 ||| BUYING scroll of identify (24 gold).
  2668 | D:4      | Bought a scroll of identify for 24 gold pieces
  2668 | D:4      | 2668 ||| BUYING scroll of identify (24 gold).
  2668 | D:4      | Bought a scroll of identify for 24 gold pieces
  2668 | D:4      | 2668 ||| BUYING scroll of teleportation (36 gold).
  2668 | D:4      | Bought a scroll of teleportation for 36 gold pieces
  2668 | D:4      | 2668 ||| READING scroll of enchant weapon.
  2668 | D:4      | 2668 ||| ENCHANTING +1 shortbow.
  2698 | D:4      | Reached skill level 9 in Ranged Weapons
  2739 | D:4      | Noticed a black bear
  2740 | D:4      | 2740 ||| DRINKING potion of haste.
  2754 | D:4      | Killed a black bear
  2755 | D:4      | Reached XP level 6. HP: 36/36 MP: 8/8
  3488 | D:4      | 3488 ||| DROPPING amulet of magic regeneration.
  3489 | D:4      | 3489 ||| READING 6 scrolls of identify.
  3489 | D:4      | 3489 ||| IDENTIFYING sapphire potion
  3490 | D:4      | 3490 ||| READING 5 scrolls of identify.
  3490 | D:4      | 3490 ||| IDENTIFYING fuming orange potion
  3491 | D:4      | 3491 ||| READING 4 scrolls of identify.
  3491 | D:4      | 3491 ||| IDENTIFYING emerald potion
  3492 | D:4      | 3492 ||| READING 3 scrolls of identify.
  3492 | D:4      | 3492 ||| IDENTIFYING green potion
  3493 | D:4      | 3493 ||| READING 2 scrolls of identify.
  3493 | D:4      | 3493 ||| IDENTIFYING murky amethyst potion
  3494 | D:4      | 3494 ||| DROPPING potion of ambrosia.
  3495 | D:4      | 3495 ||| DROPPING potion of invisibility.
  3496 | D:4      | 3496 ||| DROPPING potion of berserk rage.
  3522 | D:5      | Entered Level 5 of the Dungeon
  3522 | D:5      | Noticed Menkaure
  3523 | D:5      | 3523 ||| STAIRDANCE
  3525 | D:4      | 3525 ||| DRINKING potion of haste.
  3533 | D:4      | HP: 6/36 [Menkaure (13)]
  3534 | D:4      | 3534 ||| READING 2 scrolls of teleportation.
  3535 | D:4      | Mangled by Menkaure

Levels and vault maps discovered:
D:1:      evilmike_arrival_plus, layout_basic, minmay_pentomino_w4
D:2:      layout_basic, grunt_ministairs_8, minmay_misc_feat_tower,
          minmay_box_of_dots
D:3:      layout_basic, nicolae_dithmenos_the_darkroom
D:4:      layout_layer_cave, serial_shops, nicolae_shop_hallway_plus
D:5:      layout_rooms, yredelemnul_forgotten_temple_becter, hex_tiny,
          goddamned_bats, uniq_menkaure, uniq_blork_the_orc

Skill      XL: |  1  2  3  4  5 |
---------------+----------------+-----
Ranged Weapons | 6 7 8 9 |  9.8
Fighting       | 2 |  2.7
Dodging        | |  2.4
Stealth        | |  1.2

Action                     |  1- 3 |  4- 6 || total
---------------------------+-------+-------++-------
   Fire: Shortbow          |    86 |   198 ||   284
    Use: Scroll            |     5 |    12 ||    17
         Potion            |       |     5 ||     5
 Armour: Leather armour    |    18 |       ||    18
         Ring mail         |     1 |    46 ||    47
  Dodge: Dodged            |    30 |    43 ||    73

Table legend:
 A = Non-vault XP
 B = Vault XP
 C = Vault XP percentage of total XP
 D = Non-vault monster count
 E = Vault monster count
 F = Vault count percentage of total count
                 A         B        C        D         E       F
            +---------+---------+-------+---------+---------+-------
      Total |     565 |      23 |   3.9 |      74 |      11 |  12.9
            +---------+---------+-------+---------+---------+-------
        D:1 |      37 |      14 |  27.5 |      16 |       7 |  30.4
        D:2 |      97 |       9 |   8.5 |      20 |       4 |  16.7
        D:3 |      29 |       0 |   0.0 |      14 |       0 |   0.0
        D:4 |     402 |       0 |   0.0 |      24 |       0 |   0.0
            +---------+---------+-------+---------+---------+-------
